General information
- name: BNet
- type: Ladder team game (AT/RT)
- host: Battle.net
- saver: TIMG4STRok
map: Friends
- players: 8
- length: 95:14
- speed: Fast
- version: 1.23 W3XP
- replay type:

» download(1181 KB)
Players
team 1 (winner)
FROZEN]YETi (
yellow | 171 APM | 16317 actions | 95:09)
9 Death Knight
2 Death Coil
3 Unholy Aura
1 Animate Dead
3 Death Pact
10 Lich
3 Frost Nova
3 Dark Ritual
1 Death and Decay
3 Frost Armor
4 Crypt Lord
2 Impale
2 Spiked Carapace
» actions
| Assign group hotkey | 126 | |
| Basic commands | 497 | |
| Build / train | 221 | |
| ESC pressed | 29 | |
| Enter build submenu | 37 | |
| Enter hero's abilities submenu | 24 | |
| Give item / drop item | 1 | |
| Right click | 6761 | |
| Select / deselect | 3401 | |
| Select group hotkey | 4787 | |
| Use ability | 433 | |
16317 total
» units
| Acolyte | 76 | |
| Ghoul | 2 | |
| Crypt Fiend | 19 | |
| Frost Wyrm | 53 | |
| Goblin Zeppelin | 1 | |
151 total
» upgrades
| Creature Attack | 3 | |
| Freezing Breath | 1 | |
| Creature Carapace | 3 | |
| Web | 1 | |
8 total
» buildings
| Crypt | 1 | |
| Graveyard | 1 | |
| Ziggurat | 10 | |
| Altar of Darkness | 2 | |
| Tomb of Relics | 1 | |
| Nerubian Tower | 2 | |
| Halls of the Dead | 3 | |
| Black Citadel | 1 | |
| Sacrificial Pit | 1 | |
| Boneyard | 5 | |
| Necropolis | 5 | |
| Spirit Tower | 4 | |
36 total
» build order
00:08 Crypt
00:17 Graveyard
00:27 Ziggurat
00:46 Altar of Darkness
00:47 Altar of Darkness
01:14 Tomb of Relics
02:12 Ziggurat
02:22 Nerubian Tower
02:22 Nerubian Tower
03:27 Halls of the Dead
03:27 Halls of the Dead
04:27 Ziggurat
06:39 Ziggurat
07:29 Black Citadel
08:18 Sacrificial Pit
11:05 Boneyard
11:06 Boneyard
11:07 Ziggurat
14:48 Necropolis
16:06 Ziggurat
17:38 Ziggurat
18:02 Necropolis
19:10 Spirit Tower
19:12 Ziggurat
19:53 Ziggurat
19:54 Ziggurat
21:39 Spirit Tower
21:40 Spirit Tower
26:26 Boneyard
44:18 Necropolis
54:00 Boneyard
54:02 Boneyard
57:51 Necropolis
71:17 Necropolis
» items
| Rod of Necromancy | 1 | |
| Scroll of Town Portal | 4 | |
| Orb of Corruption | 1 | |
| Sacrificial Skull | 1 | |
| Dust of Appearance | 2 | |
| Scroll of Healing | 2 | |
| Potion of Healing | 2 | |
| Lesser Clarity Potion | 2 | |
15 total
sandcastle (
red | 151 APM | 14381 actions | 95:14)
9 Mountain King
3 Storm Bolt
3 Bash
1 Avatar
2 Thunder Clap
6 Paladin
3 Holy Light
2 Divine Shield
1 Resurrection
2 Blood Mage
1 Flame Strike
1 Banish
» actions
| Assign group hotkey | 1660 | |
| Basic commands | 591 | |
| Build / train | 263 | |
| ESC pressed | 11 | |
| Enter build submenu | 43 | |
| Enter hero's abilities submenu | 17 | |
| Give item / drop item | 5 | |
| Right click | 4807 | |
| Select / deselect | 2470 | |
| Select group hotkey | 4102 | |
| Use ability | 411 | |
14381 total
» units
| Peasant | 14 | |
| Footman | 10 | |
| Siege Engine | 53 | |
| Mortar Team | 92 | |
| Dragonhawk Rider | 6 | |
175 total
» upgrades
| Defend | 1 | |
| Lumber Harvesting | 2 | |
| Barrage | 1 | |
| Plating | 3 | |
| Gunpowder | 3 | |
| Fragmentation Shards | 1 | |
| Masonry | 1 | |
| Cloud | 1 | |
| Flare | 1 | |
14 total
» buildings
| Altar of Kings | 3 | |
| Barracks | 2 | |
| Farm | 14 | |
| Lumber Mill | 2 | |
| Scout Tower | 2 | |
| Guard Tower | 2 | |
| Arcane Tower | 3 | |
| Keep | 6 | |
| Arcane Vault | 1 | |
| Blacksmith | 1 | |
| Castle | 2 | |
| Workshop | 8 | |
| Gryphon Aviary | 2 | |
| Town Hall | 1 | |
49 total
» build order
00:09 Altar of Kings
00:19 Barracks
00:34 Farm
00:51 Farm
01:29 Lumber Mill
02:27 Scout Tower
02:28 Scout Tower
03:01 Guard Tower
03:01 Guard Tower
03:01 Arcane Tower
03:02 Arcane Tower
03:34 Keep
03:42 Farm
03:44 Farm
03:47 Farm
04:01 Arcane Vault
05:43 Blacksmith
06:10 Castle
06:10 Castle
06:24 Workshop
06:24 Workshop
07:35 Workshop
08:02 Workshop
09:00 Farm
09:01 Farm
13:26 Farm
13:27 Farm
15:19 Lumber Mill
16:43 Farm
19:50 Gryphon Aviary
19:54 Gryphon Aviary
20:17 Farm
20:17 Farm
54:11 Workshop
54:17 Barracks
54:17 Workshop
54:18 Workshop
54:21 Workshop
55:41 Farm
55:41 Farm
84:54 Town Hall
87:03 Keep
87:04 Keep
89:16 Altar of Kings
91:31 Altar of Kings
» items
| Scroll of Regeneration | 8 | |
| Lesser Clarity Potion | 8 | |
| Staff of Sanctuary | 1 | |
| Scroll of Town Portal | 4 | |
| Dust of Appearance | 1 | |
22 total
TACOENGINEER (
blue | 84 APM | 8014 actions | 95:07)
10 Blademaster
3 Wind Walk
3 Critical Strike
1 Bladestorm
3 Mirror Image
1 Death Knight
1 Death Coil
7 Tauren Chieftain
3 Shockwave
3 Endurance Aura
1 Reincarnation
4 Shadow Hunter
2 Healing Wave
2 Hex
» actions
| Assign group hotkey | 158 | |
| Basic commands | 258 | |
| Build / train | 183 | |
| ESC pressed | 9 | |
| Enter build submenu | 28 | |
| Enter hero's abilities submenu | 23 | |
| Give item / drop item | 10 | |
| Right click | 4893 | |
| Select / deselect | 1336 | |
| Select group hotkey | 579 | |
| Use ability | 536 | |
8014 total
» units
| Peon | 27 | |
| Grunt | 2 | |
| Wind Rider | 10 | |
| Goblin Zeppelin | 3 | |
| Troll Batrider | 33 | |
| Goblin Shredder | 1 | |
| Goblin Sapper | 4 | |
80 total
» upgrades
| Ranged Weapons | 3 | |
| Armor | 3 | |
| Envenomed Spears | 1 | |
| Reinforced Defenses | 1 | |
| Liquid Fire | 1 | |
9 total
» buildings
| Altar of Storms | 1 | |
| Orc Burrow | 6 | |
| Barracks | 1 | |
| War Mill | 1 | |
| Voodoo Lounge | 1 | |
| Watch Tower | 15 | |
| Stronghold | 1 | |
| Fortress | 1 | |
| Beastiary | 3 | |
30 total
» build order
00:07 Altar of Storms
00:11 Orc Burrow
00:42 Barracks
01:37 Orc Burrow
02:18 War Mill
02:21 Voodoo Lounge
03:36 Watch Tower
03:39 Watch Tower
03:42 Watch Tower
03:44 Watch Tower
05:07 Stronghold
07:33 Fortress
08:16 Beastiary
08:18 Beastiary
09:23 Beastiary
10:30 Orc Burrow
10:31 Orc Burrow
16:17 Watch Tower
16:21 Watch Tower
16:24 Watch Tower
18:00 Watch Tower
23:26 Orc Burrow
23:27 Orc Burrow
47:55 Watch Tower
47:58 Watch Tower
48:00 Watch Tower
48:02 Watch Tower
48:04 Watch Tower
51:28 Watch Tower
59:54 Watch Tower
» items
| Dust of Appearance | 1 | |
| Scroll of Regeneration | 2 | |
| Lesser Clarity Potion | 9 | |
| Healing Salve | 7 | |
| Scroll of Speed | 1 | |
| Potion of Healing | 16 | |
| Tiny Great Hall | 1 | |
| Orb of Lightning | 2 | |
| Potion of Mana | 2 | |
| Scroll of Town Portal | 6 | |
| Ice Shard | 1 | |
| Demonic Figurine | 2 | |
| Amulet of the Wild | 2 | |
| Scourge Bone Chimes | 1 | |
| Inferno Stone | 2 | |
| Orb of Corruption | 1 | |
56 total

»
XsV-Cups (
orange | 90 APM | 8551 actions | 95:09)
10 Demon Hunter
3 Mana Burn
3 Evasion
1 Metamorphosis
3 Immolation
7 Naga Sea Witch
3 Frost Arrows
3 Forked Lightning
1 Tornado
6 Beastmaster
3 Summon Quilbeast
2 Summon Hawk
1 Stampede
» actions
| Assign group hotkey | 89 | |
| Basic commands | 1043 | |
| Build / train | 207 | |
| ESC pressed | 14 | |
| Enter build submenu | 57 | |
| Enter hero's abilities submenu | 23 | |
| Give item / drop item | 5 | |
| Right click | 4786 | |
| Select / deselect | 1013 | |
| Select group hotkey | 895 | |
| Use ability | 419 | |
8551 total
» units
| Wisp | 97 | |
| Archer | 7 | |
| Chimaera | 30 | |
| Glaive Thrower | 5 | |
139 total
» upgrades
| Strength of the Wild | 3 | |
| Corrosive Breath | 1 | |
| Reinforced Hides | 3 | |
| Ultravision | 1 | |
| Well Spring | 1 | |
| Strength of the Moon | 2 | |
| Vorpal Blades | 1 | |
12 total
» buildings
| Altar of Elders | 2 | |
| Moon Well | 9 | |
| Ancient of War | 4 | |
| Tree of Ages | 1 | |
| Hunter's Hall | 1 | |
| Ancient Protector | 12 | |
| Ancient of Wind | 3 | |
| Tree of Eternity | 1 | |
| Chimaera Roost | 3 | |
| Ancient of Wonders | 3 | |
| Tree of Life | 16 | |
55 total
» build order
00:09 Altar of Elders
00:11 Moon Well
00:49 Ancient of War
01:35 Moon Well
03:37 Moon Well
03:58 Moon Well
05:05 Tree of Ages
05:06 Hunter's Hall
05:08 Moon Well
06:10 Ancient Protector
06:12 Ancient Protector
06:17 Ancient Protector
08:07 Ancient of Wind
08:12 Tree of Eternity
10:38 Chimaera Roost
10:39 Chimaera Roost
12:33 Chimaera Roost
12:41 Moon Well
12:49 Ancient of Wonders
13:51 Tree of Life
19:45 Tree of Life
22:44 Ancient of Wind
22:49 Ancient of Wind
35:22 Tree of Life
35:36 Tree of Life
35:54 Tree of Life
36:02 Ancient Protector
36:02 Ancient Protector
36:04 Ancient Protector
36:06 Ancient Protector
36:08 Ancient Protector
36:10 Ancient Protector
36:14 Ancient Protector
36:16 Ancient Protector
49:18 Moon Well
49:21 Moon Well
55:03 Ancient of War
55:04 Ancient of War
55:05 Ancient of War
76:08 Tree of Life
79:46 Tree of Life
79:49 Tree of Life
81:08 Ancient of Wonders
81:08 Ancient of Wonders
82:04 Tree of Life
82:29 Tree of Life
84:20 Ancient Protector
84:23 Tree of Life
85:58 Tree of Life
86:20 Tree of Life
88:05 Tree of Life
90:27 Altar of Elders
92:20 Tree of Life
93:06 Tree of Life
94:04 Moon Well
» items
| Scroll of Town Portal | 10 | |
| Potion of Healing | 7 | |
| Orb of Venom | 1 | |
| Potion of Mana | 2 | |
| Ankh of Reincarnation | 1 | |
| Health Stone | 1 | |
| Boots of Quel'Thalas +6 | 1 | |
| Inferno Stone | 1 | |
| Red Drake Egg | 1 | |
| Spiked Collar | 1 | |
| Healing Salve | 1 | |
| Lesser Clarity Potion | 1 | |
28 total
team 2 (loser)
DNK. (
green | 132 APM | 12605 actions | 95:14)
10 Blademaster
3 Wind Walk
3 Critical Strike
1 Bladestorm
3 Mirror Image
8 Tauren Chieftain
3 Shockwave
3 Endurance Aura
1 Reincarnation
1 War Stomp
9 Pandaren Brewmaster
3 Breath of Fire
3 Drunken Brawler
2 Drunken Haze
1 Storm Earth and Fire
» actions
| Assign group hotkey | 28 | |
| Basic commands | 214 | |
| Build / train | 222 | |
| ESC pressed | 8 | |
| Enter build submenu | 71 | |
| Enter hero's abilities submenu | 27 | |
| Give item / drop item | 23 | |
| Right click | 6698 | |
| Select / deselect | 1274 | |
| Select group hotkey | 2967 | |
| Use ability | 1073 | |
12605 total
» units
| Peon | 61 | |
| Grunt | 4 | |
| Goblin Zeppelin | 8 | |
| Troll Batrider | 44 | |
| Goblin Sapper | 1 | |
| Goblin Shredder | 2 | |
120 total
» upgrades
| Spiked Barricades | 1 | |
| Liquid Fire | 1 | |
| Ranged Weapons | 2 | |
| Armor | 1 | |
| War Drums Damage Increase | 1 | |
6 total
» buildings
| Altar of Storms | 3 | |
| Orc Burrow | 8 | |
| Barracks | 1 | |
| Voodoo Lounge | 3 | |
| War Mill | 4 | |
| Watch Tower | 28 | |
| Stronghold | 1 | |
| Great Hall | 12 | |
| Fortress | 2 | |
| Beastiary | 5 | |
67 total
» build order
00:12 Altar of Storms
00:22 Orc Burrow
00:50 Barracks
01:44 Orc Burrow
01:56 Voodoo Lounge
02:18 War Mill
03:40 Watch Tower
03:41 Watch Tower
04:53 Watch Tower
04:54 Watch Tower
05:35 Stronghold
06:15 Watch Tower
06:15 Watch Tower
07:25 Watch Tower
07:26 Watch Tower
07:26 Watch Tower
08:10 Watch Tower
08:12 Watch Tower
08:35 Watch Tower
10:03 Great Hall
12:41 Fortress
12:41 Fortress
13:30 Beastiary
13:31 Beastiary
16:00 Orc Burrow
16:04 Orc Burrow
17:47 Beastiary
18:43 Voodoo Lounge
18:51 Watch Tower
18:52 Watch Tower
19:00 Orc Burrow
20:22 Watch Tower
20:22 Watch Tower
21:24 Beastiary
22:57 Beastiary
25:20 Altar of Storms
26:26 Altar of Storms
26:58 Watch Tower
26:59 Watch Tower
29:24 Watch Tower
29:24 Watch Tower
29:24 Watch Tower
29:25 Watch Tower
30:16 Voodoo Lounge
38:06 Watch Tower
38:06 Watch Tower
38:07 Watch Tower
38:43 Great Hall
39:23 Watch Tower
39:24 Watch Tower
39:24 Watch Tower
40:40 Orc Burrow
42:12 Great Hall
45:14 Great Hall
53:30 Orc Burrow
60:28 Great Hall
63:59 Great Hall
70:11 War Mill
73:50 Great Hall
75:17 War Mill
75:58 War Mill
78:17 Orc Burrow
78:50 Great Hall
85:54 Great Hall
89:47 Great Hall
90:00 Great Hall
93:23 Great Hall
» items
| Healing Salve | 4 | |
| Lesser Clarity Potion | 5 | |
| Runed Bracers | 2 | |
| Inferno Stone | 3 | |
| Boots of Quel'Thalas +6 | 1 | |
| Scroll of Town Portal | 24 | |
| Scourge Bone Chimes | 1 | |
| Orb of Lightning | 4 | |
| Potion of Mana | 6 | |
| The Lion Horn of Stormwind | 1 | |
| Tiny Great Hall | 6 | |
| Potion of Healing | 4 | |
| Belt of Giant Strength +6 | 2 | |
63 total

»
kunt.roII (
pink | 129 APM | 12312 actions | 95:14)
6 Archmage
3 Blizzard
2 Brilliance Aura
1 Mass Teleport
7 Blood Mage
3 Flame Strike
2 Siphon Mana
1 Summon Phoenix
1 Banish
7 Dark Ranger
3 Silence
3 Life Drain
1 Charm
» actions
| Assign group hotkey | 138 | |
| Basic commands | 294 | |
| Build / train | 267 | |
| ESC pressed | 9 | |
| Enter build submenu | 164 | |
| Enter hero's abilities submenu | 20 | |
| Give item / drop item | 11 | |
| Right click | 5789 | |
| Select / deselect | 933 | |
| Select group hotkey | 3969 | |
| Use ability | 717 | |
12312 total
» units
| Peasant | 61 | |
| Priest | 8 | |
| Sorceress | 5 | |
| Goblin Zeppelin | 3 | |
| Goblin Shredder | 2 | |
79 total
» upgrades
| Masonry | 2 | |
| Magic Sentry | 2 | |
| Lumber Harvesting | 1 | |
| Sorceress Training | 2 | |
| Backpack | 1 | |
| Priest Training | 1 | |
9 total
» buildings
| Altar of Kings | 3 | |
| Farm | 21 | |
| Lumber Mill | 6 | |
| Scout Tower | 174 | |
| Arcane Tower | 3 | |
| Guard Tower | 75 | |
| Arcane Vault | 2 | |
| Keep | 5 | |
| Arcane Sanctum | 2 | |
| Town Hall | 10 | |
| Castle | 8 | |
309 total
» build order
00:08 Altar of Kings
00:20 Farm
00:43 Lumber Mill
00:50 Scout Tower
01:14 Farm
01:23 Arcane Tower
01:46 Scout Tower
01:51 Scout Tower
02:04 Scout Tower
02:24 Guard Tower
02:41 Guard Tower
02:48 Scout Tower
03:00 Guard Tower
03:14 Scout Tower
03:15 Guard Tower
03:20 Arcane Vault
03:23 Scout Tower
03:29 Scout Tower
03:56 Keep
03:57 Keep
03:57 Keep
04:15 Scout Tower
04:15 Guard Tower
04:37 Scout Tower
04:40 Scout Tower
04:41 Scout Tower
04:43 Scout Tower
04:45 Scout Tower
04:45 Scout Tower
04:46 Scout Tower
04:57 Scout Tower
05:01 Arcane Tower
05:13 Guard Tower
05:14 Scout Tower
05:14 Scout Tower
05:16 Guard Tower
05:17 Guard Tower
05:17 Guard Tower
05:34 Guard Tower
05:35 Guard Tower
05:41 Farm
05:42 Farm
05:46 Guard Tower
05:46 Guard Tower
06:19 Guard Tower
06:46 Scout Tower
06:59 Scout Tower
07:01 Scout Tower
08:09 Guard Tower
08:09 Guard Tower
08:10 Scout Tower
08:12 Guard Tower
08:17 Scout Tower
08:19 Scout Tower
08:31 Guard Tower
08:31 Guard Tower
08:34 Scout Tower
08:34 Scout Tower
08:36 Scout Tower
08:37 Scout Tower
08:41 Scout Tower
08:58 Arcane Sanctum
09:01 Arcane Sanctum
09:14 Guard Tower
09:44 Guard Tower
10:33 Scout Tower
10:47 Scout Tower
10:49 Scout Tower
10:50 Scout Tower
10:51 Scout Tower
11:02 Guard Tower
11:02 Guard Tower
11:04 Guard Tower
11:20 Guard Tower
11:54 Guard Tower
12:23 Town Hall
12:25 Town Hall
12:57 Scout Tower
12:58 Scout Tower
12:59 Scout Tower
12:59 Scout Tower
13:01 Scout Tower
13:03 Scout Tower
13:34 Guard Tower
13:34 Guard Tower
13:36 Scout Tower
13:37 Scout Tower
13:37 Scout Tower
13:39 Scout Tower
13:41 Scout Tower
13:53 Farm
13:55 Farm
14:23 Guard Tower
14:25 Scout Tower
14:25 Scout Tower
15:19 Arcane Vault
15:24 Scout Tower
15:24 Scout Tower
15:25 Guard Tower
16:00 Castle
16:00 Castle
16:00 Castle
16:14 Scout Tower
16:16 Scout Tower
16:16 Scout Tower
16:17 Scout Tower
16:17 Scout Tower
16:30 Scout Tower
16:30 Scout Tower
16:44 Scout Tower
16:45 Scout Tower
16:46 Scout Tower
18:05 Arcane Tower
18:10 Guard Tower
18:11 Scout Tower
18:12 Scout Tower
18:43 Scout Tower
18:44 Scout Tower
19:48 Scout Tower
19:48 Scout Tower
19:49 Guard Tower
20:22 Guard Tower
21:42 Guard Tower
23:54 Scout Tower
23:55 Scout Tower
24:30 Guard Tower
24:30 Guard Tower
25:19 Scout Tower
25:21 Scout Tower
25:22 Scout Tower
26:43 Guard Tower
26:44 Scout Tower
26:44 Scout Tower
26:45 Scout Tower
26:45 Scout Tower
27:24 Guard Tower
28:35 Scout Tower
28:36 Scout Tower
28:37 Scout Tower
28:37 Scout Tower
28:37 Scout Tower
29:23 Guard Tower
29:24 Guard Tower
29:27 Scout Tower
29:27 Scout Tower
29:28 Scout Tower
29:28 Scout Tower
29:29 Scout Tower
29:30 Scout Tower
29:30 Scout Tower
29:31 Scout Tower
29:31 Scout Tower
29:31 Scout Tower
29:32 Scout Tower
30:19 Guard Tower
30:23 Scout Tower
30:23 Scout Tower
30:24 Scout Tower
30:24 Scout Tower
30:24 Scout Tower
31:04 Guard Tower
32:14 Guard Tower
32:16 Scout Tower
32:16 Scout Tower
32:17 Scout Tower
32:17 Scout Tower
33:08 Guard Tower
33:56 Scout Tower
33:59 Scout Tower
33:59 Scout Tower
34:01 Guard Tower
34:05 Lumber Mill
37:22 Altar of Kings
37:23 Farm
37:29 Altar of Kings
37:46 Farm
37:50 Farm
38:50 Farm
38:51 Farm
38:52 Farm
40:15 Farm
40:27 Farm
40:28 Farm
40:28 Farm
46:00 Town Hall
49:36 Town Hall
52:15 Lumber Mill
55:01 Scout Tower
55:02 Scout Tower
55:03 Scout Tower
56:20 Scout Tower
56:20 Scout Tower
56:22 Scout Tower
56:22 Scout Tower
60:38 Scout Tower
60:38 Scout Tower
60:39 Scout Tower
61:25 Guard Tower
61:27 Scout Tower
61:27 Scout Tower
61:28 Scout Tower
61:29 Scout Tower
61:30 Scout Tower
61:30 Scout Tower
63:10 Guard Tower
63:12 Scout Tower
63:12 Scout Tower
63:13 Scout Tower
63:14 Scout Tower
63:14 Scout Tower
63:15 Scout Tower
63:16 Scout Tower
63:16 Scout Tower
63:16 Scout Tower
63:17 Scout Tower
63:17 Scout Tower
63:22 Scout Tower
63:22 Scout Tower
63:23 Scout Tower
63:23 Scout Tower
63:24 Scout Tower
63:24 Scout Tower
63:25 Scout Tower
63:25 Scout Tower
63:26 Scout Tower
63:26 Scout Tower
63:27 Scout Tower
63:28 Scout Tower
63:28 Scout Tower
63:28 Scout Tower
63:28 Scout Tower
63:29 Scout Tower
63:29 Scout Tower
64:09 Guard Tower
64:10 Guard Tower
64:26 Keep
64:27 Keep
64:52 Guard Tower
64:52 Guard Tower
64:55 Guard Tower
64:55 Guard Tower
65:14 Guard Tower
65:14 Guard Tower
65:16 Scout Tower
65:17 Scout Tower
65:17 Scout Tower
65:18 Scout Tower
65:21 Scout Tower
65:22 Scout Tower
65:22 Scout Tower
65:23 Scout Tower
65:24 Guard Tower
65:24 Guard Tower
65:25 Guard Tower
65:50 Scout Tower
65:50 Scout Tower
65:56 Scout Tower
65:56 Scout Tower
66:26 Guard Tower
66:34 Farm
66:35 Farm
67:29 Town Hall
67:36 Guard Tower
69:46 Farm
69:46 Farm
69:46 Farm
71:59 Castle
74:01 Lumber Mill
74:05 Town Hall
74:23 Town Hall
74:25 Town Hall
76:27 Scout Tower
76:31 Scout Tower
77:27 Scout Tower
77:27 Scout Tower
77:29 Guard Tower
77:29 Guard Tower
78:40 Scout Tower
78:40 Scout Tower
78:41 Guard Tower
78:41 Guard Tower
78:42 Guard Tower
81:47 Lumber Mill
83:23 Lumber Mill
91:34 Town Hall
91:40 Town Hall
» items
| Healing Salve | 6 | |
| Stone Token | 5 | |
| Ice Shard | 2 | |
| Staff of Sanctuary | 3 | |
| Scroll of Town Portal | 17 | |
| Orb of Lightning | 3 | |
| Potion of Mana | 4 | |
| Potion of Healing | 6 | |
| Robe of the Magi +6 | 1 | |
| Sobi Mask | 1 | |
| Amulet of the Wild | 3 | |
| Potion of Divinity | 1 | |
| Lesser Clarity Potion | 2 | |
| Scroll of Speed | 1 | |
| Potion of Restoration | 1 | |
| Boots of Quel'Thalas +6 | 2 | |
| Inferno Stone | 2 | |
| Wand of the Wind | 1 | |
61 total

»
Lissay (
teal | 94 APM | 8912 actions | 95:14)
9 Blademaster
3 Wind Walk
3 Critical Strike
1 Bladestorm
2 Mirror Image
» actions
| Assign group hotkey | 329 | |
| Basic commands | 77 | |
| Build / train | 120 | |
| Enter build submenu | 121 | |
| Enter hero's abilities submenu | 9 | |
| Give item / drop item | 2 | |
| Remove unit from queue | 5 | |
| Right click | 5492 | |
| Select / deselect | 565 | |
| Select group hotkey | 1576 | |
| Use ability | 616 | |
8912 total
» units
| Peon | 32 | |
| Goblin Zeppelin | 1 | |
| Troll Batrider | 38 | |
| Goblin Shredder | 1 | |
72 total
» upgrades
» buildings
| War Mill | 6 | |
| Altar of Storms | 2 | |
| Orc Burrow | 15 | |
| Voodoo Lounge | 5 | |
| Watch Tower | 124 | |
| Stronghold | 3 | |
| Beastiary | 6 | |
| Fortress | 1 | |
| Great Hall | 6 | |
168 total
» build order
00:09 War Mill
00:18 Altar of Storms
00:34 Orc Burrow
01:30 Voodoo Lounge
01:48 Watch Tower
02:15 Watch Tower
02:36 Orc Burrow
03:08 Watch Tower
03:15 Watch Tower
03:36 War Mill
03:50 Watch Tower
03:52 Watch Tower
04:36 Watch Tower
04:37 Stronghold
04:47 Watch Tower
04:49 Watch Tower
04:50 Watch Tower
05:43 Watch Tower
05:45 Watch Tower
06:31 Watch Tower
07:56 Stronghold
08:00 Watch Tower
08:01 Watch Tower
08:02 Watch Tower
08:37 War Mill
08:47 Orc Burrow
08:51 Watch Tower
08:52 Watch Tower
09:14 Watch Tower
09:33 Watch Tower
10:38 Watch Tower
10:38 Watch Tower
10:47 Watch Tower
10:47 Watch Tower
11:17 Watch Tower
12:33 Watch Tower
12:34 Watch Tower
12:34 Watch Tower
12:36 Watch Tower
12:36 Watch Tower
12:37 Watch Tower
13:45 Beastiary
14:07 War Mill
15:26 Watch Tower
15:28 Watch Tower
16:17 Beastiary
16:54 Fortress
18:47 Orc Burrow
18:57 Voodoo Lounge
19:32 Watch Tower
19:33 Watch Tower
23:51 Watch Tower
24:09 Watch Tower
26:45 Watch Tower
26:47 Watch Tower
27:37 Watch Tower
27:38 Watch Tower
27:49 Watch Tower
27:51 Watch Tower
28:05 Voodoo Lounge
28:10 Watch Tower
28:12 Watch Tower
28:40 Watch Tower
28:42 Watch Tower
29:11 Great Hall
29:29 Watch Tower
29:31 Watch Tower
30:43 Watch Tower
30:45 Watch Tower
30:47 Watch Tower
31:08 Great Hall
32:14 Watch Tower
32:16 Watch Tower
34:30 Altar of Storms
34:36 Orc Burrow
34:56 Voodoo Lounge
36:48 Orc Burrow
36:57 War Mill
37:39 Orc Burrow
39:15 Watch Tower
39:16 Watch Tower
39:17 Watch Tower
39:18 Watch Tower
39:19 Watch Tower
39:19 Watch Tower
39:34 Stronghold
39:54 Watch Tower
39:56 Watch Tower
39:57 Watch Tower
40:21 Watch Tower
40:25 Watch Tower
40:28 Watch Tower
40:32 Watch Tower
40:37 Watch Tower
40:38 Watch Tower
41:16 Orc Burrow
41:24 Watch Tower
41:27 Watch Tower
41:31 Watch Tower
42:08 Watch Tower
42:08 Watch Tower
42:13 Watch Tower
42:18 Watch Tower
42:19 Watch Tower
42:20 Watch Tower
42:22 Watch Tower
43:59 Great Hall
44:13 Watch Tower
44:22 Watch Tower
44:23 Watch Tower
44:23 Watch Tower
44:30 Watch Tower
44:30 Watch Tower
44:31 Watch Tower
44:32 Watch Tower
45:03 Watch Tower
45:04 Watch Tower
45:05 Watch Tower
46:17 Beastiary
46:19 Beastiary
46:21 Beastiary
46:21 Beastiary
50:09 Orc Burrow
50:34 Watch Tower
50:36 Watch Tower
50:36 Watch Tower
50:37 Watch Tower
50:37 Watch Tower
50:38 Watch Tower
50:38 Watch Tower
50:39 Watch Tower
50:40 Watch Tower
53:55 Voodoo Lounge
54:56 Watch Tower
54:56 Watch Tower
54:58 Watch Tower
54:59 Watch Tower
55:00 Watch Tower
58:36 Watch Tower
58:37 Watch Tower
58:38 Watch Tower
58:38 Watch Tower
58:40 Watch Tower
58:40 Watch Tower
58:41 Watch Tower
58:42 Watch Tower
58:43 Watch Tower
58:43 Watch Tower
60:25 Watch Tower
61:30 Watch Tower
61:31 Watch Tower
61:32 Watch Tower
61:32 Watch Tower
61:34 Watch Tower
61:34 Watch Tower
62:30 Watch Tower
62:30 Watch Tower
63:40 Watch Tower
70:16 War Mill
75:20 Orc Burrow
75:21 Orc Burrow
76:32 Orc Burrow
76:45 Great Hall
89:41 Great Hall
91:00 Orc Burrow
91:01 Orc Burrow
91:01 Orc Burrow
92:37 Great Hall
» items
| Lesser Clarity Potion | 15 | |
| Healing Salve | 4 | |
| Potion of Healing | 2 | |
| Orb of Lightning | 1 | |
| Potion of Mana | 2 | |
| Tiny Great Hall | 1 | |
25 total

»
TIMG4STRok (
purple | 99 APM | 9457 actions | 95:14)
7 Archmage
3 Blizzard
3 Brilliance Aura
1 Mass Teleport
8 Paladin
3 Holy Light
3 Divine Shield
2 Devotion Aura
» actions
| Assign group hotkey | 28 | |
| Basic commands | 146 | |
| Build / train | 318 | |
| ESC pressed | 11 | |
| Enter build submenu | 264 | |
| Enter hero's abilities submenu | 15 | |
| Give item / drop item | 7 | |
| Right click | 4420 | |
| Select / deselect | 1015 | |
| Select group hotkey | 2297 | |
| Use ability | 936 | |
9457 total
» units
| Peasant | 68 | |
| Dragonhawk Rider | 6 | |
| Siege Engine | 12 | |
| Sorceress | 2 | |
88 total
» upgrades
| Masonry | 3 | |
| Lumber Harvesting | 2 | |
| Magic Sentry | 1 | |
| Animal War Training | 1 | |
| Armor | 3 | |
| Swords | 3 | |
| Gunpowder | 3 | |
| Plating | 3 | |
| Barrage | 1 | |
| Sorceress Training | 1 | |
21 total
» buildings
| Altar of Kings | 4 | |
| Farm | 11 | |
| Scout Tower | 479 | |
| Lumber Mill | 8 | |
| Arcane Tower | 3 | |
| Guard Tower | 137 | |
| Town Hall | 7 | |
| Keep | 1 | |
| Arcane Sanctum | 1 | |
| Castle | 1 | |
| Gryphon Aviary | 1 | |
| Arcane Vault | 3 | |
| Blacksmith | 3 | |
| Barracks | 1 | |
| Workshop | 2 | |
662 total
» build order
00:11 Altar of Kings
00:14 Farm
00:20 Scout Tower
00:31 Lumber Mill
01:16 Arcane Tower
01:26 Scout Tower
01:37 Farm
02:06 Arcane Tower
02:17 Farm
02:24 Scout Tower
02:27 Scout Tower
02:35 Scout Tower
03:04 Guard Tower
03:08 Scout Tower
03:11 Guard Tower
03:15 Guard Tower
03:15 Guard Tower
03:26 Scout Tower
03:40 Scout Tower
03:42 Guard Tower
03:44 Scout Tower
04:21 Guard Tower
04:22 Scout Tower
04:22 Scout Tower
04:29 Guard Tower
04:30 Scout Tower
04:33 Scout Tower
04:34 Scout Tower
04:36 Scout Tower
04:54 Guard Tower
04:59 Scout Tower
05:00 Scout Tower
05:03 Guard Tower
05:09 Guard Tower
05:09 Guard Tower
06:13 Guard Tower
06:15 Guard Tower
07:03 Town Hall
07:08 Scout Tower
07:09 Scout Tower
07:09 Scout Tower
07:10 Scout Tower
07:11 Scout Tower
07:21 Scout Tower
07:22 Scout Tower
07:23 Scout Tower
07:42 Guard Tower
08:00 Guard Tower
08:31 Guard Tower
08:43 Scout Tower
08:44 Scout Tower
08:48 Scout Tower
08:51 Scout Tower
08:59 Scout Tower
09:00 Scout Tower
09:16 Guard Tower
09:18 Guard Tower
09:28 Guard Tower
09:39 Lumber Mill
09:42 Guard Tower
09:43 Scout Tower
09:46 Scout Tower
09:47 Scout Tower
10:03 Guard Tower
10:12 Scout Tower
10:12 Scout Tower
10:15 Scout Tower
10:16 Scout Tower
10:27 Guard Tower
10:28 Guard Tower
10:29 Scout Tower
10:30 Scout Tower
10:31 Scout Tower
10:52 Keep
10:56 Scout Tower
10:57 Scout Tower
10:59 Guard Tower
11:09 Guard Tower
11:10 Guard Tower
11:15 Guard Tower
11:23 Guard Tower
11:24 Guard Tower
11:28 Guard Tower
11:30 Scout Tower
11:31 Scout Tower
12:01 Guard Tower
12:08 Guard Tower
12:25 Guard Tower
12:30 Guard Tower
12:31 Scout Tower
12:32 Scout Tower
12:32 Scout Tower
12:33 Scout Tower
12:39 Scout Tower
12:39 Scout Tower
12:40 Scout Tower
12:40 Scout Tower
12:41 Scout Tower
12:42 Scout Tower
12:43 Scout Tower
12:43 Scout Tower
13:00 Scout Tower
13:00 Scout Tower
13:01 Scout Tower
13:02 Scout Tower
13:07 Scout Tower
13:07 Scout Tower
13:11 Scout Tower
13:18 Guard Tower
13:20 Arcane Sanctum
13:28 Scout Tower
13:28 Scout Tower
13:29 Scout Tower
13:32 Scout Tower
13:33 Scout Tower
13:35 Guard Tower
13:43 Guard Tower
13:47 Farm
13:49 Farm
14:35 Guard Tower
14:36 Scout Tower
14:37 Scout Tower
14:37 Scout Tower
14:44 Guard Tower
15:10 Castle
15:12 Guard Tower
15:46 Guard Tower
15:50 Gryphon Aviary
15:56 Arcane Vault
16:10 Scout Tower
16:11 Scout Tower
16:11 Scout Tower
16:12 Scout Tower
16:13 Scout Tower
16:13 Scout Tower
16:29 Scout Tower
16:30 Scout Tower
16:31 Scout Tower
16:32 Scout Tower
17:36 Guard Tower
17:58 Guard Tower
18:01 Lumber Mill
18:03 Scout Tower
18:04 Scout Tower
18:11 Guard Tower
18:15 Scout Tower
18:16 Scout Tower
18:16 Scout Tower
18:17 Scout Tower
18:18 Scout Tower
18:18 Scout Tower
18:19 Scout Tower
18:20 Scout Tower
18:31 Blacksmith
18:33 Barracks
18:39 Guard Tower
18:42 Scout Tower
18:43 Scout Tower
18:46 Scout Tower
18:49 Scout Tower
18:57 Scout Tower
19:00 Scout Tower
19:04 Scout Tower
19:14 Guard Tower
19:18 Scout Tower
19:19 Scout Tower
19:20 Scout Tower
19:21 Scout Tower
19:21 Scout Tower
19:22 Scout Tower
19:22 Scout Tower
19:24 Scout Tower
19:24 Scout Tower
19:25 Scout Tower
19:26 Scout Tower
19:27 Scout Tower
19:36 Guard Tower
19:41 Guard Tower
20:05 Scout Tower
20:06 Scout Tower
20:07 Scout Tower
20:07 Scout Tower
20:08 Scout Tower
20:09 Scout Tower
20:44 Guard Tower
20:45 Scout Tower
20:46 Scout Tower
20:47 Scout Tower
20:48 Scout Tower
20:49 Scout Tower
20:50 Scout Tower
20:51 Scout Tower
20:53 Scout Tower
20:53 Scout Tower
20:54 Scout Tower
20:55 Scout Tower
21:01 Guard Tower
21:05 Arcane Vault
22:12 Guard Tower
22:15 Guard Tower
22:18 Guard Tower
22:44 Guard Tower
23:18 Guard Tower
23:19 Scout Tower
23:20 Scout Tower
23:21 Scout Tower
23:21 Scout Tower
23:23 Scout Tower
23:23 Scout Tower
23:24 Scout Tower
23:25 Scout Tower
23:26 Scout Tower
23:26 Scout Tower
23:28 Scout Tower
23:28 Scout Tower
23:29 Scout Tower
23:30 Scout Tower
23:31 Scout Tower
23:31 Scout Tower
23:32 Scout Tower
23:33 Scout Tower
23:33 Scout Tower
23:35 Guard Tower
23:57 Guard Tower
24:01 Scout Tower
24:07 Scout Tower
24:08 Scout Tower
24:09 Scout Tower
24:10 Scout Tower
25:16 Guard Tower
25:20 Guard Tower
27:48 Guard Tower
27:50 Scout Tower
27:51 Scout Tower
27:52 Scout Tower
27:52 Scout Tower
27:53 Scout Tower
27:53 Scout Tower
27:54 Scout Tower
27:55 Scout Tower
27:55 Scout Tower
27:56 Scout Tower
27:57 Scout Tower
27:58 Scout Tower
29:03 Scout Tower
29:04 Scout Tower
29:04 Scout Tower
29:05 Scout Tower
29:06 Scout Tower
29:07 Scout Tower
29:07 Scout Tower
29:08 Scout Tower
29:09 Scout Tower
29:10 Scout Tower
29:11 Scout Tower
30:44 Scout Tower
30:45 Scout Tower
30:46 Scout Tower
30:47 Scout Tower
30:48 Scout Tower
30:52 Scout Tower
30:53 Scout Tower
30:54 Scout Tower
30:55 Scout Tower
30:56 Scout Tower
30:57 Scout Tower
31:10 Scout Tower
31:11 Scout Tower
31:12 Scout Tower
31:12 Scout Tower
31:13 Scout Tower
31:14 Scout Tower
31:14 Scout Tower
31:15 Scout Tower
31:15 Scout Tower
31:16 Scout Tower
31:17 Scout Tower
31:17 Scout Tower
31:18 Scout Tower
31:19 Scout Tower
31:19 Scout Tower
31:20 Scout Tower
31:20 Scout Tower
31:23 Scout Tower
31:24 Scout Tower
31:24 Scout Tower
31:25 Scout Tower
31:25 Scout Tower
31:26 Scout Tower
31:26 Scout Tower
31:29 Guard Tower
31:31 Scout Tower
31:32 Scout Tower
31:33 Scout Tower
31:34 Scout Tower
31:34 Scout Tower
31:35 Scout Tower
31:36 Scout Tower
31:37 Scout Tower
31:38 Scout Tower
31:38 Scout Tower
31:39 Scout Tower
31:40 Scout Tower
31:41 Scout Tower
31:41 Scout Tower
31:47 Guard Tower
31:51 Scout Tower
31:53 Scout Tower
31:54 Scout Tower
31:54 Scout Tower
31:55 Scout Tower
31:56 Scout Tower
31:57 Scout Tower
31:57 Scout Tower
31:58 Scout Tower
31:59 Scout Tower
32:00 Scout Tower
32:00 Scout Tower
32:16 Guard Tower
32:19 Guard Tower
32:23 Guard Tower
32:38 Guard Tower
34:35 Guard Tower
35:01 Guard Tower
35:03 Scout Tower
35:04 Scout Tower
35:04 Scout Tower
35:05 Scout Tower
35:05 Scout Tower
35:06 Scout Tower
35:07 Scout Tower
35:08 Scout Tower
35:09 Scout Tower
35:10 Scout Tower
35:10 Scout Tower
35:11 Scout Tower
35:13 Guard Tower
35:14 Scout Tower
35:15 Scout Tower
35:16 Scout Tower
35:17 Scout Tower
35:18 Scout Tower
35:19 Scout Tower
35:20 Scout Tower
35:21 Scout Tower
35:23 Guard Tower
35:26 Guard Tower
36:23 Scout Tower
36:24 Scout Tower
36:25 Scout Tower
36:25 Scout Tower
36:26 Scout Tower
36:26 Scout Tower
36:27 Scout Tower
36:28 Scout Tower
36:29 Scout Tower
36:29 Scout Tower
36:30 Scout Tower
36:31 Scout Tower
36:34 Guard Tower
36:35 Guard Tower
37:01 Guard Tower
37:03 Guard Tower
37:06 Scout Tower
37:07 Scout Tower
37:08 Scout Tower
37:08 Scout Tower
37:09 Scout Tower
37:10 Scout Tower
37:11 Scout Tower
37:11 Scout Tower
37:13 Guard Tower
37:23 Guard Tower
37:28 Guard Tower
37:31 Scout Tower
37:32 Scout Tower
37:32 Scout Tower
37:34 Scout Tower
37:35 Scout Tower
37:44 Guard Tower
38:04 Guard Tower
38:10 Guard Tower
38:16 Scout Tower
38:17 Scout Tower
38:17 Scout Tower
38:18 Scout Tower
38:19 Scout Tower
38:20 Scout Tower
38:22 Scout Tower
38:22 Scout Tower
38:24 Scout Tower
38:26 Scout Tower
38:27 Scout Tower
38:28 Scout Tower
38:30 Scout Tower
38:30 Scout Tower
38:31 Scout Tower
38:33 Guard Tower
38:47 Guard Tower
38:59 Guard Tower
39:02 Guard Tower
39:08 Scout Tower
39:08 Scout Tower
39:09 Scout Tower
39:10 Scout Tower
39:11 Scout Tower
39:12 Scout Tower
39:18 Guard Tower
39:24 Guard Tower
39:26 Scout Tower
39:27 Scout Tower
39:27 Scout Tower
39:28 Scout Tower
39:30 Scout Tower
39:30 Scout Tower
39:43 Scout Tower
39:59 Scout Tower
40:00 Scout Tower
40:01 Scout Tower
40:01 Scout Tower
40:17 Guard Tower
40:45 Guard Tower
40:47 Scout Tower
40:48 Scout Tower
40:49 Guard Tower
41:01 Guard Tower
41:05 Scout Tower
41:05 Scout Tower
41:06 Scout Tower
41:06 Scout Tower
41:07 Scout Tower
41:07 Scout Tower
41:08 Scout Tower
41:40 Guard Tower
41:44 Scout Tower
41:45 Scout Tower
41:46 Scout Tower
41:47 Scout Tower
41:48 Scout Tower
41:49 Scout Tower
41:51 Guard Tower
41:57 Guard Tower
42:02 Scout Tower
42:02 Scout Tower
42:03 Scout Tower
42:04 Scout Tower
42:06 Scout Tower
42:07 Scout Tower
42:22 Guard Tower
42:43 Guard Tower
43:06 Guard Tower
43:10 Scout Tower
43:11 Scout Tower
43:12 Scout Tower
43:12 Scout Tower
43:13 Scout Tower
43:13 Scout Tower
43:15 Guard Tower
43:18 Scout Tower
43:19 Scout Tower
43:20 Scout Tower
43:21 Scout Tower
43:24 Guard Tower
43:28 Scout Tower
43:28 Scout Tower
43:29 Scout Tower
43:30 Scout Tower
43:31 Scout Tower
43:31 Scout Tower
43:32 Scout Tower
43:33 Scout Tower
43:33 Scout Tower
43:39 Guard Tower
43:49 Guard Tower
43:53 Guard Tower
43:54 Scout Tower
43:55 Scout Tower
43:56 Scout Tower
43:57 Scout Tower
43:57 Scout Tower
43:58 Scout Tower
44:30 Guard Tower
44:36 Scout Tower
44:37 Scout Tower
44:37 Scout Tower
44:38 Scout Tower
44:39 Scout Tower
44:40 Scout Tower
44:41 Scout Tower
44:42 Scout Tower
44:43 Scout Tower
44:43 Scout Tower
44:45 Scout Tower
44:45 Scout Tower
44:57 Guard Tower
45:00 Guard Tower
45:32 Scout Tower
45:33 Scout Tower
45:34 Scout Tower
45:34 Scout Tower
45:35 Scout Tower
45:36 Scout Tower
46:01 Scout Tower
46:02 Scout Tower
46:03 Scout Tower
46:03 Scout Tower
46:04 Scout Tower
46:05 Scout Tower
46:09 Guard Tower
46:11 Scout Tower
46:12 Scout Tower
46:12 Scout Tower
46:33 Guard Tower
46:40 Guard Tower
47:15 Guard Tower
47:22 Scout Tower
47:23 Scout Tower
47:24 Scout Tower
47:24 Scout Tower
47:25 Scout Tower
47:26 Scout Tower
47:29 Scout Tower
48:02 Scout Tower
48:03 Scout Tower
48:04 Scout Tower
48:04 Scout Tower
48:05 Scout Tower
48:33 Scout Tower
48:34 Scout Tower
48:35 Scout Tower
48:35 Scout Tower
48:36 Scout Tower
48:37 Scout Tower
49:13 Guard Tower
49:17 Guard Tower
49:23 Scout Tower
49:23 Scout Tower
49:24 Scout Tower
49:25 Scout Tower
49:26 Scout Tower
49:26 Scout Tower
49:27 Scout Tower
49:28 Scout Tower
49:28 Scout Tower
49:29 Scout Tower
49:29 Scout Tower
49:30 Scout Tower
49:32 Lumber Mill
50:08 Guard Tower
50:12 Guard Tower
50:17 Guard Tower
50:18 Scout Tower
50:19 Scout Tower
50:19 Scout Tower
50:20 Scout Tower
50:21 Scout Tower
50:22 Scout Tower
50:24 Scout Tower
50:25 Scout Tower
50:25 Scout Tower
50:26 Scout Tower
50:27 Scout Tower
50:28 Scout Tower
50:29 Guard Tower
50:40 Arcane Vault
50:44 Scout Tower
51:07 Guard Tower
51:09 Scout Tower
51:09 Scout Tower
51:09 Scout Tower
51:15 Guard Tower
51:28 Guard Tower
51:30 Scout Tower
51:31 Scout Tower
51:32 Scout Tower
51:33 Scout Tower
51:37 Scout Tower
51:38 Scout Tower
51:39 Scout Tower
51:41 Scout Tower
51:42 Scout Tower
51:43 Scout Tower
51:46 Guard Tower
53:42 Guard Tower
53:52 Guard Tower
53:54 Guard Tower
54:00 Lumber Mill
55:24 Guard Tower
56:27 Scout Tower
56:28 Scout Tower
56:29 Scout Tower
56:30 Scout Tower
56:58 Scout Tower
56:59 Scout Tower
57:00 Scout Tower
57:01 Scout Tower
58:00 Guard Tower
58:10 Guard Tower
58:39 Guard Tower
58:41 Scout Tower
58:42 Scout Tower
58:42 Scout Tower
59:34 Guard Tower
59:34 Guard Tower
59:41 Scout Tower
59:42 Scout Tower
59:43 Scout Tower
59:44 Scout Tower
60:20 Guard Tower
60:26 Guard Tower
61:00 Guard Tower
61:01 Scout Tower
61:02 Scout Tower
61:03 Scout Tower
61:04 Scout Tower
61:05 Scout Tower
61:06 Scout Tower
62:49 Guard Tower
63:09 Town Hall
65:17 Scout Tower
65:18 Scout Tower
65:19 Scout Tower
65:20 Scout Tower
65:20 Scout Tower
65:21 Scout Tower
65:22 Scout Tower
65:22 Scout Tower
65:23 Scout Tower
65:24 Scout Tower
65:25 Scout Tower
66:33 Blacksmith
66:40 Farm
66:41 Farm
66:41 Farm
66:42 Farm
66:43 Farm
66:43 Farm
66:46 Blacksmith
67:11 Guard Tower
68:10 Workshop
69:06 Lumber Mill
69:40 Altar of Kings
69:44 Altar of Kings
69:46 Altar of Kings
70:17 Town Hall
72:01 Workshop
72:13 Town Hall
74:12 Lumber Mill
74:13 Lumber Mill
82:46 Town Hall
82:56 Scout Tower
83:09 Scout Tower
83:12 Scout Tower
83:18 Town Hall
83:41 Guard Tower
86:07 Scout Tower
87:01 Scout Tower
91:27 Arcane Tower
93:45 Town Hall
» items
| Inferno Stone | 1 | |
| Robe of the Magi +6 | 1 | |
| Healing Salve | 1 | |
| Scroll of Town Portal | 16 | |
| Orb of Lightning | 2 | |
| Boots of Quel'Thalas +6 | 3 | |
| Potion of Healing | 4 | |
| Staff of Sanctuary | 2 | |
| Runed Bracers | 2 | |
| Belt of Giant Strength +6 | 3 | |
| Potion of Mana | 1 | |
| Lesser Clarity Potion | 6 | |
| Ankh of Reincarnation | 1 | |
| The Lion Horn of Stormwind | 1 | |
44 total
Chat log
(06:25 / Allies) TIMG4STRok: WOOD
(14:12 / Allies) kunt.roII: jesus lagging ugh
(35:36 / All) DNK.: lol
(41:33 / All) XsV-Cups: smh
(41:34 / All) XsV-Cups: green
(41:51 / All) DNK.: tabbing through heroes while holding alt to see hp doesnt really work
(45:06 / All) sandcastle: must be hard to get icons when every game lasts 4 hours
(45:12 / All) kunt.roII: u care about icons lmao
(45:19 / All) XsV-Cups: joke
(45:20 / All) XsV-Cups: .
(45:21 / All) XsV-Cups: com
(45:21 / All) TIMG4STRok: must be hard to win when you cant beat towers
(45:39 / All) sandcastle: yeah it is pretty fucking hard to win if you cant beat anything
(45:40 / All) sandcastle: idiot
(45:54 / All) sandcastle: how can you win if you cant beat somethingÉ
(61:17 / Allies) kunt.roII: agi boots i got no room
(63:56 / Allies) kunt.roII: this fucking lag
(63:58 / Allies) kunt.roII: is stupid
(66:50 / Allies) TIMG4STRok: lum
(68:02 / Allies) TIMG4STRok: wooooooooood
(68:06 / Allies) kunt.roII: got none
(95:10 / All) TIMG4STRok: ??
(95:11 / All) TIMG4STRok: ?????
(95:12 / All) DNK.: GGG
(95:12 / All) DNK.: GG
(95:13 / All) DNK.: GG
(95:14 / All) sandcastle: ive had 2 hours